 Dungeon Crawl Stone Soup version 0.31-a0-1620-gcbf77bbcfc (webtiles) character file.

Game seed: 15554882039999272472

201364 Flugslaktarn the Slayer (level 17, -5/178 HPs)
             Began as a Minotaur Fighter on Jan 11, 2024.
             Was the Champion of Cheibriados.
             Blown up by an orb spider (40 damage)
             ... with an orb of destruction
             ... on level 4 of the Spider Nest.
             The game lasted 00:18:16 (30730 turns).

Flugslaktarn the Slayer (Minotaur Fighter)         Turns: 30730, Time: 00:18:16

Health: -5/178     AC: 32    Str: 47 (48) XL:     17   Next: 91%
Magic:  7/34       EV: 26    Int: 19 (20) God:    Cheibriados [******]
Gold:   318        SH: 15    Dex: 26 (29) Spells: 16/16 levels left

rFire   . . .        b - +1 war axe (freeze)
rCold   + . .        X - +1 kite shield {AC+3}
rNeg    . . .        e - +5 chain mail of the Hot Ocelot {MP+9 Str+3 Slay+6}
rPois   .            (helmet unavailable)
rElec   .            W - +0 cloak
rCorr   .            D - +2 pair of gloves
SInv    .            P - +3 pair of mountain boots {steadfast, rC+}
Will    +....        N - amulet of faith
Stlth   +            B - ring of the Tortoise {AC+8}
HPRegen 0.49/turn    V - ring "Cudameot" {EV+5 Dex+3 Stlth+}
MPRegen 0.24/turn

%: faith
@: corroded, very slow
A: horns 3, retaliatory headbutt, thin skeletal structure 1, mutation resistance
1
}: 1/15 runes: barnacled
a: Renounce Religion, Bend Time, Temporal Distortion, Slouch, Step From Time


You were on level 4 of the Spider Nest.
You worshipped Cheibriados.
Cheibriados was exalted by your worship.
You visited 5 branches of the dungeon, and saw 30 of its levels.
You visited the Abyss 1 time.
You also visited: Ossuary and Gauntlet.

You collected 2769 gold pieces.
You spent 2451 gold pieces at shops.

Inventory:

Hand Weapons
 b - a +1 war axe of freezing (weapon)
   (You acquired it on level 1 of the Lair of Beasts)
 G - a -1 spear of distortion
   (You took it off Grum on level 8 of the Dungeon)
 J - a +3 broad axe
   (You took it off a death knight on level 13 of the Dungeon)
 Q - a +2 short sword of distortion
   (You took it off Sonja on level 5 of the Lair of Beasts)
Missiles
 F - 10 throwing nets (quivered)
Armour
 e - the +5 chain mail of the Hot Ocelot (worn) {MP+9 Str+3 Slay+6}
   (You bought it in a shop on level 1 of the Shoals)

   Str+3:     It affects your strength (+3).
   Slay+6:    It affects your accuracy & damage with ranged weapons and melee
   (+6).
   MP+9:      It affects your magic capacity (+9).
 s - a +0 plate armour
   (You found it on level 4 of the Dungeon)
 D - a +2 pair of gloves (worn)
   (You found it on level 3 of the Dungeon)
 O - a +0 hat of willpower
   (You took it off Gastronok on level 2 of the Lair of Beasts)
 P - the +3 pair of mountain boots (worn) {steadfast, rC+}
   (You acquired it on level 5 of the Lair of Beasts)

   Steadfast: It prevents involuntary movement, except for blinking,
   teleportation, or banishment.
   rC+:       It protects you from cold.
 W - a +0 cloak (worn)
   (You found it on level 14 of the Dungeon)
 X - a +1 kite shield of protection (worn)
   (You took it off a tengu warrior on level 14 of the Dungeon)
Jewellery
 c - a ring of protection from cold
   (You found it on level 10 of the Dungeon)
 i - a ring of see invisible
   (You found it on level 11 of the Dungeon)
 k - a ring of resist corrosion
   (You found it on level 6 of the Dungeon)
 B - the ring of the Tortoise (left hand) {AC+8}
   (You found it in a Gauntlet)

   [ring of protection]

   AC+8:      It affects your AC (+8).
 N - an amulet of faith (around neck)
   (You found it on level 1 of the Dungeon)
 R - a ring of flight
   (You found it on level 5 of the Lair of Beasts)
 V - the ring "Cudameot" (right hand) {EV+5 Dex+3 Stlth+}
   (You took it off a tengu warrior on level 14 of the Dungeon)

   [ring of evasion]

   EV+5:      It affects your evasion (+5).
   Dex+3:     It affects your dexterity (+3).
   Stlth+:    It makes you more stealthy.
Wands
 g - a wand of digging (3)
   (You found it on level 5 of the Dungeon)
 m - a wand of charming (13)
   (You found it on level 3 of the Dungeon)
 E - a wand of light (13)
   (You found it on level 11 of the Dungeon)
 L - a wand of iceblast (13)
   (You found it on level 9 of the Dungeon)
Scrolls
 r - 3 scrolls of identify
 t - 11 scrolls of teleportation
 u - a scroll of vulnerability
 v - a scroll of silence
 x - 3 scrolls of immolation
 y - 3 scrolls of fog
 z - a scroll of blinking
 A - 4 scrolls of fear
 I - 3 scrolls of enchant weapon
 T - 6 scrolls of enchant armour
 Y - a scroll of revelation
Potions
 a - 2 potions of ambrosia
 d - 3 potions of might
 f - a potion of berserk rage
 h - 2 potions of haste
 j - 2 potions of magic
 l - 3 potions of mutation
 n - 2 potions of resistance
 o - a potion of cancellation
 p - a potion of enlightenment
 q - 11 potions of curing
 C - 4 potions of invisibility
 M - 3 potions of lignification
Miscellaneous
 K - a lightning rod (4/4)
   (You found it in a Gauntlet)
 Z - a sack of spiders
   (You found it on level 14 of the Dungeon)


   Skills:
 * Level 22.5 Fighting
 - Level 18.0 Axes
 + Level 16.9 Armour
 + Level 12.3 Dodging
 - Level 11.0 Shields
 - Level 12.0 Invocations


You had 16 spell levels left.
You didn't know any spells.
Your spell library contained the following spells:

 Spells                   Type           Power      Damage    Failure   Level
 Apportation              Tloc           0%         N/A       45%         1
 Kiss of Death            Conj/Necr      0%         2d5       45%         1
 Necrotise                Necr           0%         1d4       45%         1
 Slow                     Hex            0%         N/A       45%         1
 Sting                    Conj/Alch      0%         1d3       45%         1
 Summon Small Mammal      Summ           0%         N/A       45%         1
 Ensorcelled Hibernation  Hex/Ice        0%         N/A       58%         2
 Call Canine Familiar     Summ           0%         N/A       83%         3
 Confusing Touch          Hex            0%         N/A       83%         3
 Gell's Gravitas          Tloc           0%         N/A       83%         3
 Passwall                 Erth           0%         N/A       83%         3
 Sigil of Binding         Hex            0%         N/A       83%         3
 Swiftness                Air            0%         N/A       83%         3
 Teleport Other           Tloc           0%         N/A       83%         3
 Tukima's Dance           Hex            0%         N/A       83%         3
 Vampiric Draining        Necr           0%         2d6       83%         3
 Volatile Blastmotes      Fire/Tloc      0%         2d10      83%         3
 Anguish                  Hex/Necr       0%         N/A       99%         4
 Cause Fear               Hex            0%         N/A       99%         4
 Dispel Undead            Necr           0%         3d6       99%         4
 Fulminant Prism          Conj/Alch      0%         3d5       99%         4
 Iskenderun's Mystic Bla  Conj/Tloc      0%         2d3       99%         4
 Leda's Liquefaction      Alch/Erth      0%         N/A       99%         4
 Passage of Golubria      Tloc           0%         N/A       99%         4
 Summon Blazeheart Golem  Fire/Summ      0%         N/A       99%         4
 Vhi's Electric Charge    Tloc/Air       0%         N/A       99%         4
 Arcjolt                  Conj/Air       0%         1d10      100%        5
 Lee's Rapid Deconstruct  Erth           0%         3d4*      100%        5
 Yara's Violent Unravell  Hex/Alch       0%         3d3       100%        5
 Bombard                  Conj/Erth      0%         9d1       100%        6
 Dispersal                Tloc           0%         N/A       100%        6
 Plasma Beam              Fire/Air       0%         2x1d10    100%        6
 Sculpt Simulacrum        Ice/Alch       0%         N/A       100%        6
 Enfeeble                 Hex            0%         N/A       100%        7
 Haunt                    Necr/Summ      0%         N/A       100%        7
 Orb of Destruction       Conj           0%         9d5       100%        7
 Ozocubu's Refrigeration  Ice            0%         4d7       100%        7
 Spellforged Servitor     Conj/Summ      0%         N/A       100%        7
 Borgnjor's Revivificati  Necr           0%         N/A       100%        8
 Death's Door             Necr           0%         N/A       100%        9
 Polar Vortex             Ice            0%         N/A       100%        9


Dungeon Overview and Level Annotations

Branches:
Dungeon (15/15) Temple (0/1) D:7 Lair (5/5) D:10 Shoals (4/4) Lair:2 Spider (4/4) Lair:2 Slime (0/5) Lair:4 Orc (2/2) D:9 Elf (0/3) Orc:2 Vaults (0/5) D:13 D:14 Depths (0/4) D:15 Ossuary (visited) Gauntlet (visited)

Altars:
Ashenzari
Cheibriados
Elyvilon
Gozag
Hepliaklqana
Qazlal
Ru
Vehumet
Wu Jian
Xom
Yredelemnul
The Shining One

Shops:
D:2 [*!   D:12 *   D:15 !   Orc:1 *   Orc:2 (:[:   Shoals:1 **   Shoals:2 [

Portals:
Trove: D:11 (give +8 demon whip)

Annotations:
D:15 1 transporter, Pionit's ghost, journeyman GrEE
Lair:4 exclusion: 2 oklob plants


Innate Abilities, Weirdness & Mutations

You have a pair of large horns on your head.
You reflexively headbutt those who attack you in melee.
You have a somewhat thin skeletal structure. (Dex +2, Stealth+)
You are somewhat resistant to further mutation.


Message History

You slash the tarantella! You freeze the tarantella.
You headbutt the tarantella, but do no damage.
The tarantella is heavily wounded.
You barely miss something. x2; You block the tarantella's attack.
Something hits you! Something completely misses you. Something misses you.
You barely miss the tarantella. Your headbutt misses the tarantella.
The tarantella is heavily wounded.
You slice something!! You freeze something. You miss something.
You feel you are being watched by something.
You block something's attack. Something hits you but does no damage.
Something completely misses you. You block the tarantella's attack.
You block something's attack. Something hits you but does no damage.
Something stings you but does no damage.
You miss the tarantella.
The tarantella is heavily wounded.
You hit something but do no damage. You closely miss something.
The tarantella touches you but does no damage.
You feel you are being watched by something.
Something hits you but does no damage. x2; You block something's attack.
You feel you are being watched by something.
You block something's attack. Something barely misses you.
Something stings you!
You feel clumsy.
You miss the tarantella. You headbutt the tarantella!
You kill the tarantella!
Cheibriados appreciates the change of pace.
You completely miss something. You hit something but do no damage.
You block something's attack. Something misses you.
Something stings you but does no damage.
You feel you are being watched by something.
Something hits you but does no damage. Something barely misses you.
Something completely misses you.
You slash something! You freeze something. You headbutt something.
You hit something but do no damage.
You feel you are being watched by something.
Something hits you but does no damage. Something completely misses you.
Something stings you but does no damage.
Something hits you but does no damage. Something closely misses you.
Something misses you.
You chop something into pieces!!! You freeze something.
Cheibriados thoroughly appreciates the change of pace.
Reactivating autopickup.
You feel a bit more experienced.
You slice something!! You freeze something.
The orb spider weaves a glowing orb of energy.
An orb of destruction comes into view.
You pick your way through the web.
You feel you are being watched by something.
You feel your power leaking away. Something hits you but does no damage.
Deactivating autopickup; reactivate with Ctrl-A.
You block something's attack. Something stings you!
You feel dopey.
You feel you are being watched by something.
Something hits you!
You feel clumsy. Something hits you but does no damage.
Something closely misses you. The orb of destruction hits you!!!
* * * LOW HITPOINT WARNING * * *
You feel you are being watched by something.
Something hits you but does no damage. Something barely misses you. x2
There is a web here.
You see here a redback corpse.
Unknown command.
The orb spider spins a strand of pure energy.
Something completely misses you. Something misses you.
Something stings you but does no damage.
Something hits you!
* * * LOW HITPOINT WARNING * * *
You feel clumsy. You block something's attack. Something barely misses you.
Unknown command.
You feel much better.
You feel you are being watched by something.
You feel your power leaking away.
Something hits you but does no damage. x2
Something stings you but does no damage.
Magic courses through your body.
You feel you are being watched by something.
You feel your power leaking away. Something hits you but does no damage.
Something hits you.
* * * LOW HITPOINT WARNING * * *
Something stings you!
* * * LOW HITPOINT WARNING * * *
You feel weakened.
You feel you are being watched by something.
You feel your power leaking away. You block something's attack.
Something hits you but does no damage. Something barely misses you.
Unknown command.
You can feel time thicken for a moment.
Something barely misses you. Something hits you but does no damage.
Something barely misses you.
You can feel time thicken for a moment.
Cheibriados appreciates the change of pace.
Reactivating autopickup.
You feel a bit more experienced.
The orb spider weaves a glowing orb of energy.
An orb of destruction comes into view.
Okay, then.
The orb of destruction hits you!!!
You die...

†~~.############ ~~^.
†~~.# #~... ~#..# .~..~
.#### #...~ ^.## ###...#
~..## #++# ##.^.^^# ....#
##..# #†.†..##~. ..^^##
#~..#####~.†○s~~~~
#†.^~###..##^.#.@○○#~~~##
~††...##~.##^..†..## ##
~~#.......~.††.~###
#######.....##### ###~..#
#####


You could see an orb spider.

Vanquished Creatures
  Asterion (Spider:1)
  A sphinx (D:14)
  A kraken (Shoals:1)
  Gastronok (Lair:2)
  A tengu reaver (D:14)
  Aizul (Shoals:4)
  Ilsuiw (Shoals:4)
  2 ghost moths (Spider:4)
  An emperor scorpion (Spider:3)
  3 frost giants
  2 broodmothers (Spider:2)
  Nessos (D:14)
  A spark wasp (Spider:3)
  A minotaur (Gauntlet)
  A war gargoyle (D:14)
  5 merfolk javelineers
  11 merfolk impalers
  Snorg (Lair:5)
  2 ettins
  A rakshasa (D:15)
  3 entropy weavers
  6 hydras
  A great orb of eyes (D:14)
  3 ogre magi
  8 boulder beetles
  A radroach (Spider:4)
  A merfolk avatar (Shoals:4)
  A merfolk aquamancer (Shoals:4)
  An alligator (Lair:5)
  4 catoblepae
  2 alligator snapping turtles (Shoals:4)
  A death knight (D:13)
  A satyr (Shoals:4)
  8 centaur warriors
  2 tengu warriors (D:14)
  10 death yaks
  8 two-headed ogres
  3 demonic crawlers (Spider:3)
  2 occultists (D:15)
  Urug (Lair:1)
  3 orc high priests (Orc:2)
  Sonja (Lair:5)
  A wretched star (Gauntlet)
  Amaemon (Lair:1)
  4 pharaoh ants
  3 skeletal warriors (D:15)
  2 skysharks (Shoals:2)
  A sixfirhy (Gauntlet)
  9 sea snakes
  3 orb spiders (Spider:4)
  An arcanist (D:13)
  Pikel (D:7)
  17 harpies
  12 wolf spiders
  3 phantasmal warriors (D:13)
  5 orc knights
  4 deep elf pyromancers
  A necromancer (D:15)
  18 manticores
  4 orc sorcerers
  20 ugly things
  9 cyclopes
  7 fauns
  3 kobold blastminers
  5 merfolk sirens
  A meliai (shapeshifter) (D:14)
  18 elephants
  A moth of wrath (Gauntlet)
  2 centaur skeletons (D:15)
  2 water nymphs (Shoals:4)
  2 torpor snails
  3 black mambas
  11 cane toads
  An unseen horror (D:11)
  10 komodo dragons
  A gargoyle (D:10)
  An orange demon (Lair:1)
  3 freezing wraiths
  3 rime drakes
  Maggie (D:6)
  2 kobold demonologists
  Psyche (D:8)
  5 yaktaurs (D:15)
  19 merfolk
  A polar bear (D:7)
  A polar bear (shapeshifter) (D:13)
  4 trolls
  Prince Ribbit (Lair:3)
  12 tarantellas
  5 wind drakes
  3 hornets
  Grinder (D:5)
  15 blink frogs
  6 dream sheep
  6 jumping spiders
  3 snapping turtles
  11 slime creatures
  2 merfolk skeletons (Shoals:1)
  Sigmund (D:5)
  A shadow (D:12)
  2 water elementals (Shoals:4)
  7 wraiths
  16 culicivoras
  10 wyverns
  A spriggan (shapeshifter) (D:15)
  A centaur simulacrum (D:15)
  17 humans
  41 yaks
  12 basilisks
  Grum (D:8)
  A fire elemental (D:14)
  4 hogs (D:13)
  12 vampire mosquitoes
  20 redbacks
  3 steam dragons (D:7)
  3 wargs
  A neqoxec (Gauntlet)
  A two-headed ogre zombie (D:9)
  A hell hound (Lair:5)
  17 water moccasins
  3 acid dragons
  Duvessa (D:5)
  4 black bears
  6 ice beasts
  A laughing skull (D:14)
  11 orc warriors
  A sky beast (D:8)
  A boggart (D:14)
  5 ogres
  15 wolves
  17 centaurs
  2 phantoms
  17 kobold brigands
  14 bullfrogs
  A brain worm (shapeshifter) (D:13)
  4 scorpions
  2 gnoll sergeants
  5 wights (D:8)
  A hornet simulacrum (D:8)
  3 troll zombies (D:9)
  Dowan (D:5)
  5 killer bees
  3 electric eels
  4 bombardier beetles
  A cerulean imp (D:8)
  3 bullfrog zombies (Ossuary)
  4 hounds
  11 orc priests
  2 jellies
  10 mummies (Ossuary)
  A sleepcap (D:7)
  10 hell rats (Lair:5)
  4 iguanas
  20 orc wizards
  A killer bee zombie (Ossuary)
  4 ogre zombies (D:9)
  3 crocodile zombies (Ossuary)
  3 hound zombies (Ossuary)
  A boggart simulacrum (D:15)
  6 gnolls
  6 adders
  2 shadow imps (D:6)
  4 white imps
  12 ufetubi
  2 ribbon worms
  47 orcs
  7 ball pythons
  4 endoplasms
  2 giant cockroaches
  3 gnoll zombies (D:9)
  6 goblins
  7 hobgoblins
  4 jackals
  A quokka (D:1)
  9 bats
  4 frilled lizards
  3 gnoll skeletons (D:9)
  29 kobolds
  4 orc skeletons (D:9)
  15 orc zombies (D:9)
  3 rats
  3 spectral weapons (Spider:1)
  4 tentacles (Shoals:1)
967 creatures vanquished.

Vanquished Creatures (others)
  A tengu conjurer (D:14)
  A hornet (Lair:2)
  2 redbacks (Spider:3)
  An orc priest (Orc:2)
  A hell rat (Lair:5)
  4 tentacles (Shoals:1)
10 creatures vanquished.

Grand Total: 977 creatures vanquished

Notes
Turn   | Place    | Note
-------+----------+-------------------------------------------
     0 | D:1      | Flugslaktarn the Minotaur Fighter began the quest for the
                  | Orb.
     0 | D:1      | Reached XP level 1. HP: 19/19 MP: 0/0
   228 | D:1      | Reached XP level 2. HP: 27/27 MP: 1/1
   353 | D:1      | Reached skill level 4 in Fighting
   679 | D:1      | Reached XP level 3. HP: 33/33 MP: 2/2
   897 | D:1      | Found a faded altar of an unknown god.
  1082 | D:2      | Found Zamurasa's Antique Armour Emporium.
  1246 | D:2      | Found Kaumesum's Distillery.
  1290 | D:2      | Found Ysudupso's Assorted Antiques.
  1302 | D:2      | Bought a scroll labelled YMIS COHUMO for 27 gold pieces
  1806 | D:3      | Reached XP level 4. HP: 34/41 MP: 3/3
  2339 | D:3      | Found a radiant altar of Vehumet.
  2356 | D:3      | Found a stormy altar of Qazlal.
  2357 | D:3      | Found a shimmering altar of Xom.
  2358 | D:3      | Found a sacrificial altar of Ru.
  2384 | D:3      | Found a glowing golden altar of the Shining One.
  2743 | D:4      | Found a snail-covered altar of Cheibriados.
  2749 | D:4      | Reached skill level 5 in Fighting
  2749 | D:4      | Reached XP level 5. HP: 45/48 MP: 4/4
  2759 | D:4      | Became a worshipper of Cheibriados the Contemplative
  2807 | D:4      | Found a sand-covered staircase.
  2812 | Ossuary  | Entered an ossuary
  2905 | Ossuary  | Reached XP level 6. HP: 45/56 MP: 5/5
  2977 | Ossuary  | Reached skill level 5 in Axes
  2997 | Ossuary  | Reached skill level 6 in Fighting
  3031 | Ossuary  | Reached skill level 5 in Armour
  3041 | Ossuary  | Reached skill level 5 in Shields
  3060 | Ossuary  | Reached XP level 7. HP: 20/64 MP: 6/6
  3526 | D:4      | Found the +7 Throatcutter {drain, coup de grace}
  3530 | D:4      | Reached * piety under Cheibriados
  3604 | D:4      | Found an opulent altar of Gozag.
  3779 | D:4      | Reached skill level 7 in Fighting
  4227 | D:5      | Entered Level 5 of the Dungeon
  4270 | D:5      | Noticed Sigmund
  4288 | D:5      | Killed Sigmund
  4289 | D:5      | Reached XP level 8. HP: 68/74 MP: 7/7
  4344 | D:5      | Noticed Grinder
  4350 | D:5      | Paralysed by Grinder for 4 turns
  4355 | D:5      | Killed Grinder
  4356 | D:5      | Reached skill level 1 in Invocations
  4563 | D:5      | Reached skill level 8 in Fighting
  4757 | D:5      | Noticed Dowan
  4758 | D:5      | Noticed Duvessa
  4765 | D:5      | Killed Duvessa
  4766 | D:5      | Reached ** piety under Cheibriados
  4766 | D:5      | Killed Dowan
  5320 | D:5      | Found a broken altar of Ashenzari.
  5773 | D:6      | Reached XP level 9. HP: 42/82 MP: 9/9
  5953 | D:6      | Reached skill level 9 in Fighting
  5954 | D:6      | Reached *** piety under Cheibriados
  5957 | D:6      | Noticed Maggie
  5959 | D:6      | Gained mutation: You are weak. (Str -2) [potion of
                  | mutation]
  5978 | D:6      | Killed Maggie
  6007 | D:6      | Reached skill level 10 in Fighting
  6012 | D:6      | HP: 3/85 [vampire mosquito (9)]
  6016 | D:6      | Reached **** piety under Cheibriados
  6371 | D:6      | Identified the +2 trident of the Magic Mushroom {vamp,
                  | *Slow rElec rN++ Will-}
  6385 | D:6      | Reached XP level 10. HP: 93/93 MP: 11/11
  6799 | D:7      | Noticed Pikel
  6808 | D:7      | Killed Pikel
  6809 | D:7      | Reached skill level 10 in Axes
  6917 | D:7      | Found a staircase to the Ecumenical Temple.
  7055 | D:7      | Reached ***** piety under Cheibriados
  7597 | D:8      | Reached skill level 11 in Fighting
  7737 | D:8      | Noticed Psyche
  7749 | D:8      | Killed Psyche
  7763 | D:8      | Reached skill level 5 in Invocations
  8026 | D:8      | Found an ornate altar of the Wu Jian Council.
  8089 | D:8      | Noticed Grum
  8099 | D:8      | Killed Grum
  8100 | D:8      | Reached XP level 11. HP: 93/104 MP: 13/13
  8664 | D:9      | Found a staircase to the Orcish Mines.
  8692 | D:9      | Reached skill level 12 in Fighting
  9170 | D:9      | Reached ****** piety under Cheibriados
  9226 | D:10     | Entered Level 10 of the Dungeon
  9236 | D:10     | Found a hazy altar of Hepliaklqana.
  9482 | D:10     | Found a basalt altar of Yredelemnul.
  9577 | D:10     | Noticed a two-headed ogre
  9587 | D:10     | Killed a two-headed ogre
  9937 | D:10     | Found a staircase to the Lair.
 10336 | D:11     | Found a portal to a secret trove of treasure.
 10471 | D:11     | Noticed a two-headed ogre
 10480 | D:11     | Killed a two-headed ogre
 10641 | D:11     | Reached skill level 13 in Fighting
 10885 | D:11     | Identified the +0 leather armour of Absolutism {rF+}
 11378 | D:2      | Bought a twisted plate armour for 504 gold pieces
 11378 | D:2      | Identified the +0 plate armour "Moovaj" {*Slow rElec rCorr}
                  | (You bought it in a shop on level 2 of the Dungeon)
 11513 | Lair:1   | Entered Level 1 of the Lair of Beasts
 11655 | Lair:1   | Reached skill level 10 in Armour
 11661 | Lair:1   | Reached XP level 12. HP: 92/115 MP: 15/15
 11663 | Lair:1   | Reached skill level 10 in Shields
 11827 | Lair:1   | Noticed Amaemon
 11837 | Lair:1   | Killed Amaemon
 12051 | Lair:1   | Identified the +7 halberd of Yteicvou {heavy, Dex+3 Stlth+}
 12099 | Lair:1   | Found a white marble altar of Elyvilon.
 12143 | Lair:1   | Identified a scroll of acquirement
 12143 | Lair:1   | Acquired a +1 war axe of freezing
 12190 | Lair:1   | Noticed Urug
 12203 | Lair:1   | Killed Urug
 12871 | Lair:2   | Noticed an eight-headed hydra
 12879 | Lair:2   | Reached skill level 14 in Fighting
 12879 | Lair:2   | Killed a 16-headed hydra
 13041 | Lair:2   | Noticed a death yak
 13041 | Lair:2   | Noticed a death yak
 13041 | Lair:2   | Noticed a death yak
 13046 | Lair:2   | Killed a death yak
 13047 | Lair:2   | Killed a death yak
 13049 | Lair:2   | Killed a death yak
 13211 | Lair:2   | Found a hole to the Spider Nest.
 13357 | Lair:2   | Found a staircase to the Shoals.
 13359 | Lair:2   | Paralysed by a hornet for 1 turns
 13636 | Lair:2   | Reached skill level 1 in Dodging
 13639 | Lair:2   | Reached XP level 13. HP: 124/125 MP: 17/17
 14244 | Lair:2   | Noticed Gastronok
 14257 | Lair:2   | Killed Gastronok
 14381 | Lair:3   | Noticed Prince Ribbit
 14394 | Lair:3   | Killed Prince Ribbit
 14395 | Lair:3   | Reached skill level 15 in Fighting
 15586 | Lair:4   | Reached skill level 15 in Axes
 15600 | Lair:4   | Found a staircase to the Slime Pits.
 15804 | Lair:4   | Found the +1 robe of Vines {NoPotionHeal Regen++++}
 17191 | Lair:5   | Entered Level 5 of the Lair of Beasts
 17547 | Lair:5   | Noticed Sonja
 17551 | Lair:5   | Killed Sonja
 17643 | Lair:5   | Acquired the +3 pair of mountain boots {steadfast, rC+}
 17643 | Lair:5   | Found the +3 pair of mountain boots {steadfast, rC+}
 17656 | Lair:5   | Lost mutation: You are weak. (Str -2) [potion of mutation]
 17656 | Lair:5   | Gained mutation: You have a somewhat thin skeletal
                  | structure. (Dex +2, Stealth+) [potion of mutation]
 17656 | Lair:5   | Gained mutation: You have a pair of large horns on your
                  | head. [potion of mutation]
 17656 | Lair:5   | Gained mutation: You are somewhat resistant to further
                  | mutation. [potion of mutation]
 17688 | Lair:5   | Noticed Snorg
 17696 | Lair:5   | Killed Snorg
 17715 | Lair:5   | Reached skill level 16 in Fighting
 17822 | Lair:5   | Reached XP level 14. HP: 137/137 MP: 19/19
 18139 | Lair:5   | Reached skill level 5 in Dodging
 18737 | Lair:5   | Identified the +1 robe of Vexao {+Inv Fly rN+}
 18943 | Lair:5   | Reached skill level 17 in Fighting
 19989 | D:12     | Identified the +7 chain mail of the Four Beggars {Slay+2}
 20552 | D:12     | Found Zuakaad's Assorted Antiques.
 21719 | D:13     | Identified the +3 falchion of Resourcefulness {flame, rElec
                  | rPois rC-}
 21730 | D:13     | Reached XP level 15. HP: 146/147 MP: 21/21
 22289 | D:14     | Noticed Nessos
 22289 | D:14     | Found a gate to the Vaults.
 22331 | D:14     | Reached skill level 10 in Invocations
 22347 | D:14     | Killed Nessos
 22674 | D:14     | Noticed a tengu reaver
 22687 | D:14     | Killed a tengu reaver
 22688 | D:14     | Reached skill level 18 in Fighting
 22786 | D:14     | Identified the ring "Cudameot" {EV+5 Dex+3 Stlth+}
 23152 | D:14     | Identified the +7 mace "Pemped Tuasch" {pain, ^Drain rC++}
 23197 | D:14     | Noticed a sphinx
 23206 | D:14     | Noticed a frost giant
 23207 | D:14     | Killed a sphinx
 23213 | D:14     | Noticed a frost giant
 23405 | D:14     | Killed a frost giant
 23602 | D:14     | Killed a frost giant
 23764 | D:14     | Identified the +8 mace of the Sun {freeze, rF- Will++}
 23768 | D:14     | Identified the +2 steam dragon scales of the Devil's Team
                  | {^Drain rPois rF+++ Will-}
 24437 | D:15     | Entered Level 15 of the Dungeon
 24445 | D:15     | Found a transporter.
 24445 | D:15     | Noticed Pionit's ghost (journeyman GrEE)
 24582 | D:15     | Reached skill level 19 in Fighting
 24583 | D:15     | Reached XP level 16. HP: 158/160 MP: 23/23
 24689 | D:15     | Found a staircase to the Depths.
 24743 | D:15     | Found Nepaniap's Distillery.
 24751 | D:15     | Bought a potion of resistance for 170 gold pieces
 24751 | D:15     | Bought a potion of curing for 51 gold pieces
 25274 | D:15     | Identified the +1 longbow of Zonnaisi {flame, Will+ rCorr}
 25583 | Orc:1    | Entered Level 1 of the Orcish Mines
 25647 | Orc:1    | Found Nostre's Assorted Antiques.
 25785 | Orc:1    | Noticed a kraken
 25960 | Orc:2    | Entered Level 2 of the Orcish Mines
 26160 | Orc:2    | Found a gate leading to a gauntlet.
 26164 | Orc:2    | Found a staircase to the Elven Halls.
 26188 | Gauntlet | Entered a Gauntlet
 26188 | Gauntlet | Found a transporter.
 26192 | Gauntlet | Found a transporter.
 26193 | Gauntlet | Found a transporter.
 26199 | Gauntlet | Found a runed translucent gate.
 26199 | Gauntlet | Found a runed translucent gate.
 26202 | Gauntlet | Found a runed translucent gate.
 26202 | Gauntlet | Found a transporter.
 26206 | Gauntlet | Found a transporter.
 26213 | Gauntlet | Found a transporter.
 26229 | Gauntlet | Found a transporter.
 26230 | Gauntlet | Found the ring of the Tortoise {AC+8}
 26239 | Gauntlet | Found a transporter.
 26246 | Gauntlet | Found a runed translucent door.
 26250 | Gauntlet | Found a transporter.
 26263 | Gauntlet | Found a transporter.
 26275 | Gauntlet | Found a transporter.
 26275 | Gauntlet | Found a transporter.
 26342 | Gauntlet | Found a transporter.
 26342 | Gauntlet | Found a transporter.
 26502 | Gauntlet | Identified the +5 ring mail of Ufarel {SInv}
 26640 | Orc:2    | Paralysed by an orc sorcerer for 5 turns
 27180 | Orc:2    | Found Qotiy's Book Shoppe.
 27180 | Orc:2    | Found Zosimin's Weapon Shop.
 27182 | Orc:2    | Found Anyblodie's Antique Armour Shoppe.
 27182 | Orc:2    | Found Uhomiez's Book Shop.
 27750 | Shoals:1 | Entered Level 1 of the Shoals
 28067 | Shoals:1 | Found Hiddeohir's General Store.
 28072 | Shoals:1 | Reached skill level 15 in Armour
 28078 | Shoals:1 | Found Turghios's Specific Store.
 28086 | Shoals:1 | Bought the +5 chain mail of the Hot Ocelot {MP+9 Str+3
                  | Slay+6} for 1564 gold pieces
 28097 | Shoals:1 | Bought a scroll of enchant armour for 135 gold pieces
 28146 | Shoals:1 | Noticed a kraken
 28152 | Shoals:1 | Killed a kraken
 28206 | Shoals:2 | Reached skill level 20 in Fighting
 28235 | Shoals:2 | Found Icaez Ponn's Antique Armour Boutique.
 28235 | Shoals:2 | Identified the +0 scale mail of Opros {rF+ Dex+2}
 28307 | Shoals:2 | Reached skill level 10 in Dodging
 28578 | Abyss:2  | Found a corrupted altar of Lugonu.
 28578 | Abyss:2  | Cast into level 2 of the Abyss (merfolk impaler)
 28584 | Abyss:2  | Found a corrupted altar of Lugonu.
 28596 | Shoals:2 | Escaped the Abyss
 28903 | Shoals:4 | Entered Level 4 of the Shoals
 29015 | Shoals:4 | Identified the +1 quarterstaff of Optimality {speed, rF+++
                  | Str+3 Dex-3}
 29019 | Shoals:4 | Identified the serpent talisman of Onolab {rC+}
 29019 | Shoals:4 | Noticed Aizul
 29031 | Shoals:4 | Killed Aizul
 29048 | Shoals:4 | Reached XP level 17. HP: 102/172 MP: 25/25
 29201 | Shoals:4 | Identified the +1 great sword "Mud Pie of Death" {flame,
                  | rElec Will+ rCorr Str-4}
 29512 | Shoals:4 | Reached skill level 21 in Fighting
 29782 | Shoals:4 | Identified the +8 short sword of Lynojuno {vamp, rC+ Will+}
 29825 | Shoals:4 | Got a barnacled rune of Zot
 30209 | Shoals:4 | Noticed Ilsuiw
 30234 | Shoals:4 | Killed Ilsuiw
 30336 | Spider:1 | Entered Level 1 of the Spider Nest
 30365 | Spider:1 | Noticed Asterion
 30374 | Spider:1 | Killed Asterion
 30491 | Spider:3 | Reached skill level 22 in Fighting
 30529 | Spider:4 | Entered Level 4 of the Spider Nest
 30730 | Spider:4 | Blown up by an orb spider

Illustrated notes

Levels and vault maps discovered:
D:1:      lightli_arrival_flooded_house, layout_basic,
          hellmonk_ecumenical_altar_crossroads, minmay_pentomino_x4
D:2:      layout_basic, serial_shops, shop, nicolae_shop_tiny_statue_garden,
          nicolae_shop_stone
D:3:      layout_loops_ring, tso_altar, mainiacjoe_overflow_alcove_3,
          minmay_diced_spiral
D:4:      layout_basic, mainiacjoe_overflow_small_starburst, slow_altar_1,
          enter_ossuary_2, minivault_1, amcnicky_mini_corridor_feature,
          chequers_serial_rivers_micro_e, dilly_guarded_unrand_throatcut
D:5:      layout_layer_cave, lemuel_coloured_pillars_altar, uniq_sigmund,
          uniq_duvessa, uniq_grinder
D:6:      hangedman_cross_stitches, layout_gridville, uniq_maggie
D:7:      layout_loops_ring, temple_statues, uniq_pikel
D:8:      layout_rooms, mainiacjoe_overflow_alcove_1, serial_ice, serial_ice_h,
          serial_ice_a, serial_ice_g, serial_ice_k, serial_ice_m, serial_ice_b,
          uniq_grum, uniq_psyche
D:9:      layout_roguey, zombieorc2_lemuel, enter_bailey_2, dk_noncrumbling_3,
          kennysheep_generic_room_12
D:10:     hellmonk_ruined_rings, layout_grid_maze,
          mainiacjoe_overflow_cross_hatched, mainiacjoe_overflow_catwalk
D:11:     layout_roguey [special_room_kobold], nicolae_trove_entry_crystal,
          eino_small_chamber_without_monster
D:12:     nzn_winding_woodlands_small [nzn_winding_woodlands_5x15_longhouse,
          nzn_winding_woodlands_center_diamonds,
          nzn_winding_woodlands_5x15_split_checker], layout_basic, serial_shops,
          shop
D:13:     layout_roguey, grunt_livestock
D:14:     layout_roguey, david_vaults_3, kennysheep_minor_cross,
          nicolae_rejected_hall
D:15:     grunt_enter_depths_magical_seal, layout_loops_ring,
          chequers_serial_rivers_small_3, serial_shops, nicolae_diamond_shop,
          gammafunk_ghost_mausoleum
Lair:1:   layout_regular_city, basic_altar, minivault_23, uniq_amaemon,
          uniq_urug
Lair:2:   layout_roguey, minmay_shoals_entry_beasts,
          hellmonk_spider_entry_life_and_decay, uniq_gastronok
Lair:3:   layout_cave_pods, uniq_prince_ribbit2
Lair:4:   layout_small_grid, slime_entry_1, minivault_19,
          nicolae_quartered_pool_little, hellmonk_guarded_unrand_vines
Lair:5:   evilmike_catoblepas_cave, layout_cave_pods, special_room
          [special_room_mythical_zoo], chequers_serial_rivers_room_b,
          st_stairs_5, nicolae_lair_lakeside_cave, uniq_snorg, uniq_sonja
Shoals:1: layout_shoals, nicolae_specific_store,
          beargit_guarded_unrand_captain_cutlass
Shoals:2: layout_shoals, serial_shops, shop, nicolae_shoals_lost_giant_temple,
          nicolae_shoals_mertower
Shoals:3: layout_shoals, serial_shops, shop, shop, nicolae_take_the_stairs,
          uniq_donald, uniq_polyphemus, uniq_louise
Shoals:4: shoals_end_grunt_ice, layout_shoals, shoals_ilsuiw_ice, uniq_aizul
Spider:1: layout_spider_delve, hangedman_spider_mandibles,
          nicolae_spider_wall_of_niches, uniq_asterion
Spider:2: layout_cave_pods, hangedman_spider_tarantella_strand
Spider:3: nicolae_spider_mines_3
Spider:4: spider_rune_water
Orc:1:    layout_caves, serial_shops, shop,
          mainiacjoe_minedec_watcher_in_the_water, abandoned_shop
Orc:2:    grunt_orc_tribal_feast, layout_caves, gauntlet_entry_generic

Skill      XL: |  1  2  3  4  5  6  7  8  9 10 11 12 13 14 15 16 17 |
---------------+----------------------------------------------------+-----
Fighting       | 4 5 6 7 8 10 11 13 14 16 17 19 20 22 | 22.5
Axes           | 3 4 5 7 8 9 11 12 14 15 17 18 | 18.0
Armour         | 4 5 6 7 8 10 11 12 13 14 15 16 | 16.9
Shields        | 4 5 6 7 8 9 11 | 11.0
Invocations    | 2 3 5 6 7 8 9 10 12 | 12.0
Dodging        | 1 4 6 8 10 12 | 12.3

Action                     |  1- 3 |  4- 6 |  7- 9 | 10-12 | 13-15 | 16-18 || total
---------------------------+-------+-------+-------+-------+-------+-------++-------
  Melee: War axe           |    90 |   105 |   162 |   506 |   735 |   604 ||  2202
         Headbutt          |     8 |    20 |    28 |   128 |   191 |   154 ||   529
         Unarmed           |       |       |       |     7 |     5 |       ||    12
 Invoke: Slouch            |       |       |       |     2 |     4 |    12 ||    18
         Step From Time    |       |       |       |       |       |     1 ||     1
  Evoke: Wand              |       |       |       |       |     3 |       ||     3
         Lightning rod     |       |       |       |       |       |     1 ||     1
    Use: Scroll            |     1 |     7 |     6 |     8 |     9 |     5 ||    36
         Potion            |       |     1 |     6 |       |     5 |     5 ||    17
   Stab: Sleeping          |       |       |       |       |     1 |     1 ||     2
 Armour: Scale mail        |    66 |    10 |       |       |       |       ||    76
         Plate armour      |       |    44 |   147 |   320 |   237 |       ||   748
         Skin              |       |       |       |     2 |     2 |       ||     4
         Chain mail        |       |       |       |       |   140 |   386 ||   526
  Dodge: Dodged            |    47 |    44 |   126 |   400 |   532 |   611 ||  1760
  Block: Buckler           |     6 |       |       |       |       |       ||     6
         Kite shield       |    34 |    34 |   144 |   437 |   548 |   655 ||  1852

Table legend: (Time is in decaauts)
 A = Elapsed time spent in this place.
 B = Non-inter-level travel time spent in this place.
 C = Inter-level travel time spent in this place.
 D = Time resting spent in this place.
 E = Time spent auto-exploring this place.
 F = Levels seen in this place.
 G = Mean time per level.
                   A        B        C        D        E       F      G
               +--------+--------+--------+--------+--------+-----+--------+
         Total |  47015 |  44658 |   2357 |   2614 |  35782 |  33 | 1424.7 |
       Dungeon |  25041 |  23733 |   1308 |   1508 |  19236 |  15 | 1669.4 |
          Lair |  13384 |  12914 |    470 |    130 |  11536 |   5 | 2676.8 |
        Shoals |   3630 |   3385 |    245 |    480 |   1968 |   4 |  907.5 |
   Spider Nest |    551 |    511 |     40 |      0 |    257 |   4 |  137.8 |
  Orcish Mines |   2988 |   2695 |    293 |    245 |   2127 |   2 | 1494.0 |
         Abyss |     37 |     37 |      0 |      0 |      0 |   1 |   37.0 |
       Ossuary |    775 |    775 |      0 |    251 |    235 |   1 |  775.0 |
      Gauntlet |    606 |    606 |      0 |      0 |    422 |   1 |  606.0 |
               +--------+--------+--------+--------+--------+-----+--------+

Top non-repeatable levels by time:
  Lair:5: 3604 daAuts
  Lair:4: 2939 daAuts
    D:14: 2938 daAuts
    D:12: 2934 daAuts
  Lair:2: 2347 daAuts
  Lair:1: 2347 daAuts
     D:5: 2334 daAuts
   Orc:2: 2241 daAuts
  Lair:3: 2144 daAuts
    D:10: 2066 daAuts
    D:15: 1866 daAuts
Shoals:4: 1792 daAuts
    D:11: 1717 daAuts
    D:13: 1649 daAuts
     D:7: 1508 daAuts
